 Dungeon Crawl Stone Soup version 0.30-a0-847-g17996783a1 (webtiles) character file.

Game seed: 8322973732629826287

61 Darius099 the Chopper (level 3, -5/33 HPs)
             Began as a Minotaur Fighter on Mar 4, 2023.
             Slain by Sigmund
             ... wielding a +0 scythe
              (7 damage)
             ... on level 2 of the Dungeon.
             The game lasted 00:03:22 (866 turns).

Darius099 the Chopper (Minotaur Fighter)             Turns: 866, Time: 00:03:22

Health: -5/33      AC: 10    Str: 22    XL:     3   Next: 83%
Magic:  2/2        EV: 12    Int:  5    God:
Gold:   55         SH:  0    Dex:  9    Spells: 2/2 levels left

rFire   . . .      SeeInvis .    a - +0 war axe
rCold   . . .      Faith    .    c - +0 buckler
rNeg    . . .      Spirit   .    f - +0 chain mail
rPois   .          Reflect  .    (helmet restricted)
rElec   .          Rampage  .    (no cloak)
rCorr   .                        i - +0 pair of gloves
Will    .....                    (no boots) Stlth
                                 (no amulet)
HPRegen 0.25/turn                b - +5 ring of evasion
MPRegen 0.08/turn                (no ring)

@: confused
A: horns 2, retaliatory headbutt
a: no special abilities


You were on level 2 of the Dungeon.
You visited 1 branch of the dungeon, and saw 2 of its levels.

You collected 55 gold pieces.

Inventory:

Hand Weapons
 a - a +0 war axe (weapon)
Armour
 c - a +0 buckler (worn)
 f - a +0 chain mail (worn)
 i - a +0 pair of gloves (worn)
Jewellery
 b - a +5 ring of evasion (left hand)
Scrolls
 g - 2 scrolls of identify {unknown}
Potions
 d - a potion of might
 h - a potion of brilliance {unknown}


   Skills:
 - Level 3.8 Fighting
 + Level 4.7 Axes
 - Level 3.8 Armour
 - Level 3.8 Shields


You had 2 spell levels left.
You didn't know any spells.
Your spell library contained the following spells:

 Spells                   Type           Power      Damage    Failure   Level
 Beastly Appendage        Tmut           0%         N/A       99%         1
 Wereblood                Tmut           0%         N/A       100%        2
 Call Canine Familiar     Summ           0%         N/A       100%        3
 Portal Projectile        Hex/Tloc       0%         N/A       100%        3
 Spider Form              Tmut/Pois      0%         N/A       100%        3
 Leda's Liquefaction      Hex/Erth       0%         N/A       100%        4


Dungeon Overview and Level Annotations

Branches:
Dungeon (2/15)

Altars:
Hepliaklqana

Annotations:
D:2 Sigmund


Innate Abilities, Weirdness & Mutations

You have a pair of horns on your head.
You reflexively headbutt those who attack you in melee.


Message History

The endoplasm freezes you.
You are frozen.
You slash the endoplasm!
You kill the endoplasm!
You closely miss something. Something hits you but does no damage.
You miss something. Something hits you but does no damage.
You bump into the rock wall.
You bump into the rock wall.
Something hits you but does no damage.
You bump into the rock wall.
You feel less confused. You block something's attack.
You closely miss something. Your headbutt misses something.
You slash something! You headbutt something. Something hits you!
You closely miss something. Your headbutt misses something.
Sigmund appears from thin air!
Reactivating autopickup.
Sigmund hits you with a +0 scythe.
You slash Sigmund!
Sigmund is severely wounded.
Sigmund gestures wildly while chanting.
Sigmund flickers and vanishes!
Deactivating autopickup; reactivate with Ctrl-A.
You miss something. Something hits you!
* * * LOW HITPOINT WARNING * * *
It was a potion of curing.
You feel better.
You closely miss something. Something hits you but does no damage.
You miss something. Something hits you.
* * * LOW HITPOINT WARNING * * *
You hit something.
You hear some strange, mumbled words.
You are confused.
You hit something. Your headbutt misses something.
Something hits you but does no damage.
You barely miss something. Something hits you.
* * * LOW HITPOINT WARNING * * *
You closely miss something.
You hear some strange, mumbled words.
Something tries to affect you, but you resist.
You barely miss something. Something hits you!
You die...

#..........#..
#....>........
#............
#..........#
#..........#
#........>.#
#......{...#
#....)@....#
#####'######
#..........#
#..........#
......
#..........###
......
#......†.....#
......
#########....#
...... #....##
.....#
#.....##
.....#


There were no monsters in sight!

Vanquished Creatures
  Terence (D:2)
  An adder (D:2)
  A worm (D:2)
  A dart slug (D:1)
  3 endoplasms
  2 hobgoblins
  A quokka (D:1)
  A ball python (D:2)
  2 bats (D:2)
  A frilled lizard (D:2)
  2 goblins
  3 kobolds (D:1)
  4 rats
23 creatures vanquished.

Notes
Turn   | Place    | Note
-------+----------+-------------------------------------------
     0 | D:1      | Darius099 the Minotaur Fighter began the quest for the Orb.
     0 | D:1      | Reached XP level 1. HP: 19/19 MP: 0/0
   114 | D:1      | Found a faded altar of an unknown god.
   373 | D:1      | Reached XP level 2. HP: 27/27 MP: 1/1
   434 | D:1      | Reached skill level 3 in Axes
   727 | D:2      | Found a hazy altar of Hepliaklqana.
   833 | D:2      | Noticed Terence
   834 | D:2      | Noticed Sigmund
   839 | D:2      | Reached XP level 3. HP: 26/33 MP: 2/2
   839 | D:2      | Killed Terence
   840 | D:2      | Reached skill level 4 in Axes
   858 | D:2      | HP: 1/33 [something (10)]
   866 | D:2      | Slain by Sigmund

Illustrated notes

Levels and vault maps discovered:
D:1:      wander_arrival_chamber, layout_loops_ring,
          shapermc_ecumenical_altar_notcrosses
D:2:      minmay_door_path, layout_basic, basic_altar, uniq_sigmund,
          uniq_terence

Skill      XL: |  1  2  3 |
---------------+----------+-----
Axes           | 3 4 |  4.7
Fighting       | |  3.8
Armour         | |  3.8
Shields        | |  3.8

Action                     || total
---------------------------++-------
  Melee: War axe           ||    64
         Headbutt          ||     7
    Use: Potion            ||     1
 Armour: Chain mail        ||    36
  Dodge: Dodged            ||    28
  Block: Buckler           ||    10

Table legend: (Time is in decaauts)
 A = Elapsed time spent in this place.
 B = Non-inter-level travel time spent in this place.
 C = Inter-level travel time spent in this place.
 D = Time resting spent in this place.
 E = Time spent auto-exploring this place.
 F = Levels seen in this place.
 G = Mean time per level.
                   A        B        C        D        E       F      G
               +--------+--------+--------+--------+--------+-----+--------+
         Total |    888 |    825 |     63 |      0 |    539 |   2 |  444.0 |
       Dungeon |    888 |    825 |     63 |      0 |    539 |   2 |  444.0 |
               +--------+--------+--------+--------+--------+-----+--------+

Top non-repeatable levels by time:
     D:1: 733 daAuts
     D:2: 155 daAuts
